Map: King's Cove LE

Players

BroodKingEXE - Winner!

  • Race: Zerg Zerg
  • League: Diamond
  • Spawn Location: 11:00

VOD

Have the link to the VOD?

Description

Time

  • Played on: Jan. 31, 2025, 5:31 p.m.
  • Length: 34:42
Show
View Real Time Build Order
Export as new Build Order

BroodKingEXE Zerg - Winner!

Build Orders:  

Get SALT Encoding   

  12  0:03  Drone  
  13  0:11  Drone  
  14  0:24  Overlord  
  14  0:51  Drone  
  14  0:52  Drone  
  16  1:07  Hatchery  
  15  1:12  Drone  
  15  1:17  Drone  
  17  1:22  Drone  
  17  1:27  Extractor  
  17  1:44  Spawning Pool  
  17  1:49  Drone  
  17  1:53  Drone  
  18  2:07  Drone  
  19  2:27  Drone  
  20  2:39  Overlord  
  20  2:54  Queen  
  20  2:55  Queen  
  20  2:58  Zergling x4  
  26  3:12  Drone x2  
  26  3:18  Drone  
  29  3:28  Drone  
  30  3:39  Drone x2  
  32  3:58  Hatchery  
  31  4:00  Metabolic Boost  
  31  4:03  Queen  
  31  4:05  Overlord  
  33  4:12  Drone x2  
  35  4:30  Queen  
  35  4:35  Drone  
  35  4:36  Drone  
  35  4:38  Overlord  
  35  4:39  Drone  
  40  4:40  Drone  
  41  5:02  Overlord  
  41  5:04  Queen  
  41  5:05  Drone x3  
  46  5:18  Zergling x2  
  46  5:19  Zergling x10  
  52  5:27  Overlord  
  52  5:51  Extractor  
  52  5:53  Extractor  
  50  6:05  Overlord  
  50  6:07  Drone x2  
  50  6:08  Drone  
  50  6:09  Drone x3  
  56  6:15  Evolution Chamber  
  56  6:17  Extractor  
  54  6:22  Evolution Chamber  
  53  6:33  Drone x3  
  53  6:37  Drone x3  
  59  6:41  Drone x2  
  59  6:44  Drone  
  59  6:45  Drone  
  63  6:53  Zerg Ground Armor Level 1  
  63  7:19  Drone  
  64  7:21  Overlord x2  
  64  7:22  Overlord x3  
  64  7:23  Drone x4  
  64  7:24  Drone x4  
  64  7:29  Lair  
  72  7:49  Zerg Melee Weapons Level 1  
  72  7:51  Hatchery  
  72  7:58  Drone  
  72  8:02  Drone  
  72  8:03  Drone x6  
  72  8:04  Drone  
  80  8:13  Drone  
  81  8:30  Zergling x12  
  81  8:31  Zergling x6  
  90  8:44  Overlord x3  
  90  8:53  Queen  
  90  8:55  Queen  
  94  9:15  Drone x3, Extractor  
  94  9:16  Drone x3, Extractor  
  98  9:23  Baneling Nest  
  97  9:32  Spore Crawler  
  97  9:33  Spore Crawler  
  95  10:09  Hatchery  
  94  10:23  Zergling x2  
  94  10:24  Zergling x42  
  94  10:25  Zergling x4  
  94  10:29  Baneling x18  
  118  10:34  Baneling x4  
  118  10:35  Baneling x12  
  118  10:48  Zergling x8  
  118  10:49  Zergling x12  
  128  11:11  Centrifugal Hooks  
  128  11:15  Overlord  
  128  11:16  Overlord x4  
  128  11:24  Zerg Ground Armor Level 2, Zerg Melee Weapons Level 2  
  128  11:33  Hydralisk Den  
  127  12:05  Zergling x4  
  127  12:06  Zergling x32  
  145  12:52  Hydralisk x5  
  145  12:53  Hydralisk x9  
  173  13:17  Burrow  
  173  13:29  Zergling x2  
  82  13:30  Zergling x16  
  156  14:26  Unknown  
  156  14:34  Zerg Missile Weapons Level 1  
  156  14:42  Hatchery  
  155  15:03  Baneling x10  
  155  15:04  Baneling x3  
  155  15:20  Spore Crawler  
  155  15:22  Spore Crawler  
  155  15:26  Spore Crawler  
  152  15:30  Spore Crawler  
  152  15:32  Spore Crawler  
  152  15:36  Spore Crawler  
  152  15:37  Spore Crawler  
  148  15:41  Zergling x2  
  148  15:42  Zergling x32  
  148  15:43  Zergling x24  
  177  16:07  Unknown  
  177  16:17  Overlord  
  177  16:18  Overlord x5  
  147  16:44  Zergling x6  
  147  16:45  Zergling x40  
  147  16:46  Zergling x30  
  149  16:54  Zergling x6  
  138  17:14  Zergling x2  
  138  17:15  Baneling x5  
  138  17:16  Baneling x15  
  138  17:17  Zergling x2  
  138  17:18  Zergling x18  
  139  17:44  Infestation Pit  
  139  17:46  Drone x6  
  139  17:47  Drone x5  
  149  18:02  Zerg Missile Weapons Level 2  
  149  18:04  Baneling  
  149  18:05  Baneling x8  
  149  18:12  Drone x3  
  152  18:30  Drone x4  
  152  18:31  Drone x2  
  152  18:32  Drone  
  152  18:35  Drone  
  152  18:36  Drone x4  
  152  18:37  Drone  
  165  19:22  Hydralisk  
  165  19:23  Hydralisk x14  
  195  19:41  Hatchery  
  176  20:14  Zergling x2  
  176  20:15  Zergling x12  
  176  20:16  Zergling x40  
  176  20:17  Zergling x10  
  176  20:18  Zergling x2  
  176  20:19  Zergling x2  
  193  20:26  Hydralisk x3  
  199  20:31  Drone  
  199  20:32  Drone x3  
  185  20:40  Hive  
  183  21:08  Baneling  
  183  21:09  Baneling x2  
  183  21:10  Baneling  
  183  21:12  Baneling x10  
  183  21:15  Baneling  
  142  22:34  Zergling x2  
  142  22:35  Zergling x26  
  142  22:36  Zergling x42  
  142  22:37  Zergling x42  
  195  22:47  Zerg Melee Weapons Level 3  
  195  22:48  Zerg Missile Weapons Level 3  
  191  23:13  Baneling  
  191  23:14  Baneling x14  
  191  23:15  Baneling x7  
  163  23:45  Zergling x8  
  163  23:46  Zergling x44  
  163  23:47  Zergling x10  
  161  23:52  Queen  
  161  23:53  Queen  
  161  23:58  Zergling x8  
  161  23:59  Zergling x20  
  172  24:37  Adrenal Overload  
  170  24:49  Zergling x8  
  150  24:50  Zergling x30  
  185  25:02  Baneling x6  
  185  25:03  Baneling x19  
  185  25:12  Zergling x2  
  185  25:13  Zergling x26  
  188  25:58  Unknown  
  130  26:20  Zergling x2  
  130  26:23  Zergling x2  
  130  26:24  Zergling x20  
  130  26:25  Zergling x40  
  157  26:35  Zergling x2  
  148  26:56  Extractor  
  143  27:00  Hatchery  
  143  27:01  Zergling x2  
  143  27:02  Zergling x18, Extractor  
  143  27:03  Zergling x14  
  143  27:07  Baneling  
  143  27:08  Baneling x4  
  143  27:09  Baneling x9  
  156  27:10  Baneling x3  
  156  27:11  Zergling x2, Baneling x2  
  156  27:12  Zergling x26  
  156  27:18  Hydralisk  
  156  27:19  Hydralisk  
  163  27:30  Hydralisk  
  163  27:31  Hydralisk x9  
  169  27:55  Baneling x4  
  169  27:56  Zergling x2, Baneling x7  
  169  27:57  Zergling x20  
  169  27:58  Zergling x8  
  158  29:08  Zerg Ground Armor Level 3  
  152  29:31  Extractor  
  152  29:35  Extractor  
  152  29:36  Hatchery  
Tags
 
Add a new tag
Caveats
  • Supply blocks, unpowered buildings, or Contaminate may cause inaccurate times.
  • Supply counts are checked every 10 seconds.